 Dungeon Crawl Stone Soup version 0.27-a0-46-g34d46f0a3f (webtiles) character file.

Game seed: 5726492899259795735

128 Borgoz the Ruffian (level 5, 0/45 HPs)
             Began as a Ghoul Gladiator on Jan 6, 2021.
             Slain by Sigmund
             ... wielding a +2 scythe of venom
              (10 damage)
             ... on level 3 of the Dungeon.
             The game lasted 00:02:14 (2347 turns).

Borgoz the Ruffian (Ghoul Gladiator)                Turns: 2347, Time: 00:02:14

Health: 0/45       AC:  8    Str: 18      XL:     5   Next: 12%
Magic:  4/4        EV: 12    Int:  2 (3)  God:
Gold:   101        SH:  0    Dex: 10 (11) Spells: 4/4 levels left

rFire    . . .     SeeInvis .     - Unarmed
rCold    + . .     Faith    .   (no shield)
rNeg     + + +     Spirit   .   j - +0 ring mail
rPois    ∞         Reflect  .   b - +0 helmet
rElec    .         Harm     .   f - +0 cloak
rCorr    .         Rampage  .   (no gloves)
Will     .....                  p - +0 pair of boots
Stlth    ..........             (no amulet)
HPRegen  0.00/turn              (no ring)
MPRegen  0.09/turn              (no ring)

@: brilliant, attractive
A: claws 1, cold resistance 1, negative energy resistance 3, inhibited
regeneration, torment resistance, unbreathing
a: no special abilities


You were on level 3 of the Dungeon.
You visited 1 branch of the dungeon, and saw 3 of its levels.

You collected 101 gold pieces.

Inventory:

Armour
 b - a +0 helmet (worn)
 f - a +0 cloak (worn)
 j - a +0 ring mail (worn)
 p - a +0 pair of boots (worn)
Jewellery
 q - an uncursed ring of positive energy {unknown}
Scrolls
 d - a scroll of random uselessness {unknown}
 e - 2 scrolls of enchant weapon {unknown}
 g - a scroll of blinking {unknown}
 h - 4 scrolls of amnesia {unknown}
 i - a scroll of enchant armour {unknown}
 k - 3 scrolls of fear {unknown}
 o - 2 scrolls of magic mapping {unknown}


   Skills:
 + Level 3.2 Fighting
 - Level 1.7 Throwing
 + Level 1.0 Armour
 * Level 4.0 Dodging
 + Level 4.1 Unarmed Combat


You had 4 spell levels left.
You didn't know any spells.
Your spell library was empty.

Dungeon Overview and Level Annotations

Branches:
Dungeon (3/15)

Altars:
Vehumet

Annotations:
D:3 Sigmund


Innate Abilities, Weirdness & Mutations

You thrive by killing the living.
You are immune to poison.
You have sharp fingernails.
Your flesh is cold resistant. (rC+)
You are immune to negative energy. (rN+++)
You do not regenerate when monsters are visible.
You are immune to unholy pain and torment.
You can survive without breathing.


Message History

You hear some strange, mumbled words.
Something tries to affect you, but you resist.
It was a potion of brilliance.
You feel clever all of a sudden. Something hits you!
* * * LOW HITPOINT WARNING * * *
You miss something. Something barely misses you.
You miss something. You scratch something but do no damage.
Something hits you but does no damage.
You closely miss something. You closely miss something.
Something hits you but does no damage.
You claw something!
You hear some strange, mumbled words.
Something tries to affect you, but you resist.
You miss something. Something hits you.
* * * LOW HITPOINT WARNING * * *
You miss something. You scratch something but do no damage.
Something hits you but does no damage.
You miss something. Something hits you!
You die...

#......#
#.####.#
######
#.##...##
.....#
#.#..#..##
.....#
#...###..##
.....# #..#
##..## .....#
#..# ##..#
.....# #.#
##.##.....##
#.
#...@.......
#..###{..###.
#... ....#
#.... ....#
..)### ...(#
#### #####


There were no monsters in sight!

Vanquished Creatures
  An orc priest (D:3)
  2 adders (D:2)
  An ooze (D:1)
  4 leopard geckos
  9 orcs
  7 bats
  2 giant cockroaches
  6 goblins
  6 hobgoblins
  A quokka (D:2)
  2 ball pythons
  5 frilled lizards
  6 kobolds
  9 rats
61 creatures vanquished.

Notes
Turn   | Place    | Note
-------+----------+-------------------------------------------
     0 | D:1      | Borgoz the Ghoul Gladiator began the quest for the Orb.
     0 | D:1      | Reached XP level 1. HP: 17/17 MP: 0/0
    71 | D:1      | Reached XP level 2. HP: 25/25 MP: 1/1
   401 | D:1      | Reached XP level 3. HP: 20/30 MP: 2/2
  1287 | D:2      | Reached XP level 4. HP: 37/37 MP: 3/3
  2199 | D:3      | Reached XP level 5. HP: 45/45 MP: 4/4
  2244 | D:3      | Found a radiant altar of Vehumet.
  2309 | D:3      | Noticed Sigmund
  2323 | D:3      | Reached skill level 1 in Armour
  2347 | D:3      | Slain by Sigmund

Illustrated notes

Levels and vault maps discovered:
D:1:      kennysheep_arrival_forest, layout_basic, kennysheep_minor_cross
D:2:      layout_basic
D:3:      minmay_skewed_foursquare, layout_basic,
          gammafunk_temple_overflow_pools, lemuel_crystal_altar,
          lemuel_crystal_altar, marbit_many_paths, nemelex_diamond_rough_becter,
          uniq_sigmund

Skill      XL: |  1  2  3  4  5 |
---------------+----------------+-----
Dodging        | 3 4 |  4.0
Fighting       | 3 |  3.2
Unarmed Combat | 4 |  4.1
Armour         | 1 |  1.0
Throwing       | |  1.7

Action                   |  1- 3 |  4- 6 || total
-------------------------+-------+-------++-------
Melee: Unarmed           |   142 |    80 ||   222
       Punch             |     2 |       ||     2
Throw: Throwing net      |       |     3 ||     3
  Use: Potion            |       |     5 ||     5
Armor: Leather armour    |    26 |       ||    26
       Ring mail         |    35 |    29 ||    64
Dodge: Dodged            |    91 |    38 ||   129

Table legend: (Time is in decaauts)
 A = Elapsed time spent in this place.
 B = Non-inter-level travel time spent in this place.
 C = Inter-level travel time spent in this place.
 D = Time resting spent in this place.
 E = Time spent auto-exploring this place.
 F = Levels seen in this place.
 G = Mean time per level.
                   A        B        C        D        E       F      G
               +--------+--------+--------+--------+--------+-----+--------+
         Total |   2332 |   2276 |     56 |    398 |   1460 |   3 |  777.3 |
       Dungeon |   2332 |   2276 |     56 |    398 |   1460 |   3 |  777.3 |
               +--------+--------+--------+--------+--------+-----+--------+

Top non-repeatable levels by time:
     D:2: 1208 daAuts
     D:1: 964 daAuts
     D:3: 159 daAuts
